 Zot Defence DCSS version 0.15.2 (webtiles) character file.

1212 Skullcrusher the Shield-Bearer (level 8, -23/64 HPs)
             Began as a Formicid Fighter on May 20, 2017.
             Was an Initiate of Qazlal.
             Killed by an exploding giant spore (24 damage)
             ... summoned by the player character
             ... set off by their pet
             ... in the Realm of Zot (Scenario I: Hall of Zot).
             The game lasted 00:10:15 (513 turns).

Skullcrusher the Shield-Bearer (Formicid Fighter)    Turns: 513, Time: 00:10:20

HP -23/64        AC  7     Str 28      XL: 8   Next: 74%
MP  11/11        EV  8     Int  8      God: Qazlal [......]
Gold 0           SH  0     Dex 10      Spells:  0 memorised,  7 levels left

rFire  . . .     SeeInvis +     a - +0 war axe
rCold  . . .     Clarity  .     b - +0 scale mail
rNeg   . . .     rCorr    .     c - +0 shield
rPois  .         rRot     .     (helmet unavailable)
rElec  .         Spirit   .     (no cloak)
SustAb .         Warding  .     (no gloves)
rMut   .         Stasis   +     (no boots)
Gourm  .                        (no amulet)
MR     .....                    (no ring)
                                (no ring)

@: confused, mighty, not resistant to hostile enchantments, extremely unstealthy
A: permanent stasis, dig shafts and tunnels, four strong arms, antennae 3
a: Make oklob sapling, Make arrow trap, Make plant, Remove Curse, Make burning
bush, Make altar, Make grenades, Make oklob plant, Make net trap, Dig, Renounce
Religion


You were in the Realm of Zot.
You worshipped Qazlal.
Qazlal was noncommittal.
You were not hungry.

You visited 1 branch

Inventory:

Hand weapons
 a - a +0 war axe (weapon)
Armour
 b - a +0 scale mail (worn)
 c - a +0 shield (worn)
Comestibles
 f - a bread ration
Potions
 d - 3 potions of curing
 i - 2 potions of magic


   Skills:
 + Level 5.7 Fighting
 + Level 5.1 Axes
 + Level 5.3 Armour
 + Level 4.1 Dodging
 + Level 6.1 Shields


You had 7 spell levels left.
You didn't know any spells.

Dungeon Overview and Level Annotations

Branches:
    Zot (1/1)

Altars:
Qazlal


Innate Abilities, Weirdness & Mutations

Your are under a permanent stasis effect.
You can dig through walls and to a lower floor.
Your four strong arms can wield two-handed weapons with a shield.
You have a pair of large antennae on your head (SInv).


Message History

Your Zot abilities now extend through the making of net traps.
The giant frog appears confused.
The explosion of spores engulfs the giant frog.
The giant frog dies!
Qazlal accepts your collateral kill.
The explosion of spores engulfs your giant spore.
Your giant spore explodes!
The explosion of spores engulfs you!
You are confused.
* * * LOW HITPOINT WARNING * * *
The blink frog appears confused.
The explosion of spores engulfs the blink frog.
The blink frog dies!
Qazlal accepts your collateral kill.
Your Axes skill increases to level 5!
Your Dodging skill increases to level 4!
Your Shields skill increases to level 6!
The explosion of spores engulfs you!
You are more confused.
You die...

▓▓▓▓▓▓▓▓ ▓▓▓▓▓▓▓▓ ....▓▓▓▓
▓▓▓▓.... .......▓▓▓ ▓▓▓.......
.........▓▓ ▓▓.........
..........▓ ▓▓▓▓▓▓▓▓▓ ▓..........
..........▓▓▓.......▓▓▓..........
..........▓▓.........▓▓..........
..........▓P...)_(..%.▓..........
...........§.%.)@§...............
.........%▓..F.)%.....▓..........
..........▓▓.........▓▓.§........
..........▓▓▓.......▓▓▓..........
..........# ▓▓▓▓▓▓▓▓▓ #..........
.........## ##.........
.......### ###....... ....####
####.... ######### #########


You could see a blink frog and a friendly oklob sapling.

Vanquished Creatures
  A yak (Zot)
  A giant frog (Zot)
  A worm (Zot)
  2 oozes (Zot)
  2 goblins (Zot)
  6 kobolds (Zot)
  2 bats (Zot)
  An orc zombie (Zot)
  3 rats (Zot)
19 creatures vanquished.

Vanquished Creatures (collateral kills)
  A spiny frog (Zot)
  A blink frog (Zot)
  2 giant frogs (Zot)
  A kobold (Zot)
  A bat (Zot)
  A giant spore (Zot)
  4 goblins (Zot)
  2 rats (Zot)
13 creatures vanquished.

Vanquished Creatures (others)
  2 oklob saplings (Zot)
2 creatures vanquished.

Grand Total: 34 creatures vanquished

Notes
Turn   | Place    | Note
--------------------------------------------------------------
     0 | Zot      | Skullcrusher, the Formicid Fighter, began the quest for the Orb.
     0 | Zot      | Reached XP level 1. HP: 18/18 MP: 1/1
   221 | Zot      | Reached XP level 2. HP: 18/24 MP: 3/3
   319 | Zot      | Reached XP level 3. HP: 21/29 MP: 4/4
   321 | Zot      | Reached skill level 4 in Shields
   359 | Zot      | Reached XP level 4. HP: 26/36 MP: 5/5
   419 | Zot      | Reached skill level 1 in Dodging
   440 | Zot      | Noticed Innaq
   457 | Zot      | Killed Innaq the yak
   457 | Zot      | Reached skill level 5 in Shields
   457 | Zot      | Reached XP level 5. HP: 40/43 MP: 7/7
   457 | Zot      | Reached XP level 6. HP: 45/49 MP: 8/8
   470 | Zot      | Became a worshipper of Qazlal Stormbringer
   486 | Zot      | Noticed a blink frog
   496 | Zot      | Reached XP level 7. HP: 41/55 MP: 9/9
   504 | Zot      | Noticed a spiny frog
   506 | Zot      | Noticed a blink frog
   508 | Zot      | Noticed a blink frog
   513 | Zot      | Killed a spiny frog
   513 | Zot      | Reached skill level 5 in Fighting
   513 | Zot      | Reached skill level 5 in Armour
   513 | Zot      | Reached XP level 8. HP: 17/62 MP: 11/11
   513 | Zot      | HP: 1/63 [something[the player character] (16)]
   513 | Zot      | Killed a blink frog
   513 | Zot      | Reached skill level 5 in Axes
   513 | Zot      | Reached skill level 6 in Shields
   513 | Zot      | Killed by an exploding giant spore... set off by their pet

Action                   |  1- 3 |  4- 6 |  7- 9 || total
-------------------------+-------+-------+-------++-------
Melee: War axe           |    44 |    15 |    10 ||    69
 Abil: Make oklob saplin |     1 |     2 |       ||     3
       Make altar        |       |     1 |       ||     1
       Make grenades     |       |       |     1 ||     1
  Use: Potion            |       |       |     2 ||     2
 Stab: Distracted        |     1 |       |       ||     1
